 Dungeon Sprint DCSS version 0.30-a0-852-g08b95dd62f (webtiles) character file.

Game seed: 6132092744435503414

865 dialectric the Protected (level 8, -5/58 HPs)
             Began as a Gargoyle Fighter on Mar 5, 2023.
             Slain by a boulder beetle (10 damage)
             ... in the Dungeon (Sprint II: "The Violet Keep of Menkaure").
             The game lasted 00:00:33 (87 turns).

dialectric the Protected (Gargoyle Fighter)           Turns: 87, Time: 00:00:33

Health: -5/58      AC: 14    Str: 19    XL:     8   Next: 3%
Magic:  8/8        EV: 11    Int: 10    God:
Gold:   243        SH:  0    Dex: 11    Spells: 7/7 levels left

rFire   . . .      SeeInvis .    a - +0 long sword
rCold   . . .      Faith    .    (no shield)
rNeg    + . .      Spirit   .    b - +0 scale mail
rPois   ∞          Reflect  .    (no helmet)
rElec   +          Rampage  .    (no cloak)
rCorr   .          NoTele   +    (no gloves)
Will    .....                    (no boots) Stlth
                                 (no amulet)
HPRegen 0.29/turn                (no ring)
MPRegen 0.11/turn                (no ring)

@: mighty, unable to read
A: sickness immunity, AC +5, negative energy resistance 1, electricity
resistance, torment resistance 1, petrification resistance, inability to read
after injury 2
a: no special abilities


You were in the Dungeon.
You visited 1 branch You collected 243 gold pieces.

Inventory:

Hand Weapons
 a - a +0 long sword (weapon)
Armour
 b - a +0 scale mail (worn)
 c - a +0 buckler
Scrolls
 j - a scroll of blinking
Potions
 g - a potion of haste
 h - 2 potions of magic


   Skills:
 + Level 10.5 Fighting
 + Level 6.8 Long Blades
 + Level 10.6 Armour
 * Level 5.5 Dodging
 - Level 6.3 Shields


You had 7 spell levels left.
You didn't know any spells.
Your spell library was empty.

Dungeon Overview and Level Annotations

Branches:
Dungeon (1/1)

Altars:


Innate Abilities, Weirdness & Mutations

You are immune to sickness and miasma.
Your stone body is resilient. (AC +5)
You are immune to poison.
You resist negative energy. (rN+)
You are resistant to electric shocks. (rElec)
You are resistant to unholy torment.
You are immune to petrification.
You sometimes lose the ability to read scrolls when taking damage.


Message History

The boulder beetle bites you!
There is an open door here.
Things that are here:
a worm corpse; a worm corpse The boulder beetle attacks as you move away!
The boulder beetle bites you but does no damage.
Found 243 gold pieces.
There's a creature in the doorway!
You hit the boulder beetle but do no damage.
The boulder beetle bites you.
You slash the boulder beetle!
The boulder beetle is lightly wounded.
The boulder beetle bites you but does no damage.
You completely miss the boulder beetle.
The boulder beetle is lightly wounded.
The boulder beetle bites you!
You hit the boulder beetle but do no damage.
The boulder beetle is lightly wounded.
The boulder beetle leaps!
The boulder beetle barely misses you.
There is an open door here.
Things that are here:
a worm corpse; a worm corpse You hit the boulder beetle.
The boulder beetle is lightly wounded.
The boulder beetle bites you!
* * * LOW HITPOINT WARNING * * *
You hit the boulder beetle but do no damage.
The boulder beetle is lightly wounded.
The boulder beetle bites you.
* * * LOW HITPOINT WARNING * * *
The boulder beetle leaps!
The boulder beetle completely misses you.
You completely miss the boulder beetle.
The boulder beetle is lightly wounded.
The boulder beetle closely misses you.
You barely miss the boulder beetle.
The boulder beetle is lightly wounded.
The boulder beetle bites you!
You die...

## ## ##.
B## #..#..#
## #.).# ##
#.###B###.##
#.##.##...#
#.'.B@†##$+
#..##.##.# #
#.###'# #.#
## #.#.# ##
#.. ..# ##$
.## ## ##


You could see 2 boulder beetles.

Vanquished Creatures
  A merfolk siren (D)
  4 neqoxecs (D)
  3 worms (D)
8 creatures vanquished.

Vanquished Creatures (others)
  A water moccasin (D)
1 creature vanquished.

Grand Total: 9 creatures vanquished

Notes
Turn   | Place    | Note
-------+----------+-------------------------------------------
     0 | D        | dialectric the Gargoyle Fighter began the quest for the
                  | Orb.
     0 | D        | Reached XP level 1. HP: 14/14 MP: 1/1
     8 | D        | Noticed a neqoxec
     8 | D        | Noticed a neqoxec
     8 | D        | Noticed a neqoxec
     8 | D        | Noticed a neqoxec
    16 | D        | Gained mutation: You have sharp toenails. [a neqoxec]
    17 | D        | Killed a neqoxec
    17 | D        | Gained mutation: You occasionally lose the ability to read
                  | scrolls when taking damage. [a neqoxec]
    18 | D        | Reached XP level 2. HP: 23/23 MP: 2/2
    18 | D        | Reached XP level 3. HP: 28/28 MP: 3/3
    18 | D        | Reached XP level 4. HP: 32/32 MP: 4/4
    18 | D        | Reached XP level 5. HP: 37/37 MP: 5/5
    22 | D        | Killed a neqoxec
    23 | D        | Reached XP level 6. HP: 44/44 MP: 6/6
    26 | D        | Gained mutation: You sometimes lose the ability to read
                  | scrolls when taking damage. [a neqoxec]
    27 | D        | Killed a neqoxec
    28 | D        | Reached skill level 5 in Long Blades
    34 | D        | Lost mutation: You have sharp toenails. [a neqoxec]
    35 | D        | Killed a neqoxec
    36 | D        | Reached XP level 7. HP: 24/52 MP: 7/7
    58 | D        | Noticed a merfolk siren
    66 | D        | Killed a merfolk siren
    67 | D        | Reached skill level 10 in Fighting
    67 | D        | Reached skill level 10 in Armour
    67 | D        | Reached skill level 5 in Dodging
    67 | D        | Reached XP level 8. HP: 22/58 MP: 8/8
    70 | D        | Noticed a boulder beetle
    70 | D        | Noticed a boulder beetle
    87 | D        | Slain by a boulder beetle

Illustrated notes

Levels and vault maps discovered:
D:        the_violet_keep_of_menkaure [sprint2_stairs_cluster_1,
          sprint2_shoproom, sprint2_temple, sprint2_basic_supplies,
          sprint2_obstacle_7, sprint2_obstacle_1, sprint2_obstacle_2,
          sprint2_obstacle_4, sprint2_obstacle_5, sprint2_timed_cluster_1,
          sprint2_smallroom_cluster_1, sprint2_smallroom_final_cluster_1,
          sprint2_transparent_cluster_1, sprint2_second_timed_cluster_1,
          sprint2_sniper_area_1, sprint2_heavy_combat_area_1,
          sprint2_mutation_trap_area_1, sprint2_forest_area_1,
          sprint2_light_combat_area_1, sprint2_behind_water_1,
          sprint2_near_end_vault_1]

Skill      XL: |  1  2  3  4  5  6  7 |
---------------+----------------------+-----
Fighting       | 6 8 9 10 | 10.5
Long Blades    | 3 4 5 6 |  6.8
Armour         | 6 8 9 10 | 10.6
Shields        | 6 |  6.3
Dodging        | 2 4 5 |  5.5

Action                     |  1- 3 |  4- 6 |  7- 9 || total
---------------------------+-------+-------+-------++-------
  Melee: Long sword        |     8 |    18 |    25 ||    51
         Kick              |       |     8 |       ||     8
         Punch             |       |     1 |       ||     1
    Use: Potion            |     1 |       |     3 ||     4
 Armour: Scale mail        |     2 |     4 |     9 ||    15
  Dodge: Dodged            |     2 |     4 |     3 ||     9

Table legend: (Time is in decaauts)
 A = Elapsed time spent in this place.
 B = Non-inter-level travel time spent in this place.
 C = Inter-level travel time spent in this place.
 D = Time resting spent in this place.
 E = Time spent auto-exploring this place.
 F = Levels seen in this place.
 G = Mean time per level.
                   A        B        C        D        E       F      G
               +--------+--------+--------+--------+--------+-----+--------+
         Total |     98 |     98 |      0 |      0 |      0 |   1 |   98.0 |
       Dungeon |     98 |     98 |      0 |      0 |      0 |   1 |   98.0 |
               +--------+--------+--------+--------+--------+-----+--------+

Top non-repeatable levels by time:
       D: 98 daAuts
